BSA
VISTA PANTHERS @ SEATTLE PIKES
09/09/2027
 
TOP OF THE 1ST
Vista Panthers batting - Pitching for Seattle Pikes : RHP António Rijo
Pitching: RHP António Rijo
Batting: LHB Francisco Marino 0-0: Ball
1-0: SINGLE (Groundball, 34D)
Batting: LHB Brent Alonzo 0-0: Foul Ball, location: 2F
0-1: Called Strike
0-2: Foul Ball, location: 2F
0-2: Ball
1-2: Ball
2-2: Grounds out, U3 (Groundball, 3L)
Batting: RHB Phil Matthews 0-0: Called Strike
0-1: Ball
1-1: Called Strike
1-2: Fly out, F9 (Flyball, 9D)
Runner from 2nd tags up, SAFE at 3rd, no throw
Batting: LHB Patrick Osborne 0-0: Ball
1-0: Fly out, F3 (Line Drive, 3)
Top of the 1st over - 0 run(s), 1 hit(s), 0 error(s), 1 left on base; Vista 0 - Seattle 0
BOTTOM OF THE 1ST
Seattle Pikes batting - Pitching for Vista Panthers : RHP Paco Canpos
Pitching: RHP Paco Canpos
Batting: LHB Eduardo Gómez 0-0: Ground out 3-1 (Groundball, 34S)
Batting: RHB Iván Gonzáles 0-0: Ball
1-0: Foul Ball, location: 2F
1-1: Foul Ball, location: 2F
1-2: Foul Ball, location: 2F
1-2: Ball
2-2: Strikes out swinging
Batting: LHB Richard Hunter 0-0: Called Strike
0-1: Ball
1-1: Ball
2-1: Called Strike
2-2: Ball
3-2: Ground out 4-3 (Groundball, 4M)
Bottom of the 1st over - 0 run(s), 0 hit(s), 0 error(s), 0 left on base; Vista 0 - Seattle 0
TOP OF THE 2ND
Vista Panthers batting - Pitching for Seattle Pikes : RHP António Rijo
Batting: SHB Mark Wells 0-0: Ball
1-0: Called Strike
1-1: Ball
2-1: Ball
3-1: Swinging Strike
3-2: Strikes out looking
Batting: LHB Bob Cunningham 0-0: SOLO HOME RUN (Flyball, 8RD), Distance : 432 ft
Batting: LHB Ray Bryant 0-0: Ball
1-0: Called Strike
1-1: Foul Ball, location: 2F
1-2: Ground out 4-3 (Groundball, 34)
Batting: RHB George Howard 0-0: Foul Ball, location: 2F
0-1: Fly out, F8 (Flyball, 8RM)
Top of the 2nd over - 1 run(s), 1 hit(s), 0 error(s), 0 left on base; Vista 1 - Seattle 0
BOTTOM OF THE 2ND
Seattle Pikes batting - Pitching for Vista Panthers : RHP Paco Canpos
Batting: RHB António Ortega 0-0: Ball
1-0: SINGLE (Groundball, 34D)
Batting: LHB Roberto Lozano 0-0: SINGLE (Groundball, 4MD)
António Ortega to second
Batting: RHB Randy Sheppard 0-0: Called Strike
0-1: Fly out, F9 (Line Drive, 9)
Batting: LHB Keith Tillman 0-0: Ball
1-0: Swinging Strike
1-1: Foul Ball, location: 2F
1-2: Fielders Choice at 2nd, 4-6 (Groundball, 4)
António Ortega to third
Batting: RHB Robert Johnson 0-0: Ball
1-0: Ball
2-0: Foul Ball, location: 2F
2-1: Called Strike
2-2: Fielders Choice at 2nd, 4-6 (Groundball, 34)
Bottom of the 2nd over - 0 run(s), 2 hit(s), 0 error(s), 1 left on base; Vista 1 - Seattle 0
TOP OF THE 3RD
Vista Panthers batting - Pitching for Seattle Pikes : RHP António Rijo
Batting: RHB Cisco Gatán 0-0: Called Strike
0-1: Foul Ball, location: 2F
0-2: Foul Ball, location: 2F
0-2: Strikes out swinging
Batting: LHB Francisco Marino 0-0: Swinging Strike
0-1: Foul Ball, location: 2F
0-2: Strikes out looking
Batting: LHB Brent Alonzo 0-0: Ball
1-0: Foul Ball, location: 2F
1-1: Fly out, F8 (Line Drive, 8LM)
Top of the 3rd over - 0 run(s), 0 hit(s), 0 error(s), 0 left on base; Vista 1 - Seattle 0
BOTTOM OF THE 3RD
Seattle Pikes batting - Pitching for Vista Panthers : RHP Paco Canpos
Batting: SHB António Hernández 0-0: Ball
1-0: Ball
2-0: Foul Ball, location: 2F
2-1: Fly out, F7 (Flyball, 7LDF)
Batting: LHB Eduardo Gómez 0-0: Called Strike
0-1: Fly out, F8 (Flyball, 8LD)
Batting: RHB Iván Gonzáles 0-0: Ball
1-0: Called Strike
1-1: Foul Ball, location: 2F
1-2: Ball
2-2: Ground out 4-3 (Groundball, 4)
Bottom of the 3rd over - 0 run(s), 0 hit(s), 0 error(s), 0 left on base; Vista 1 - Seattle 0
TOP OF THE 4TH
Vista Panthers batting - Pitching for Seattle Pikes : RHP António Rijo
Batting: RHB Phil Matthews 0-0: SINGLE (Line Drive, 78S)
Batting: LHB Patrick Osborne 0-0: Called Strike
0-1: Called Strike
0-2: Ball
1-2: Strikes out looking
Batting: SHB Mark Wells 0-0: Ball
1-0: Ball
2-0: Called Strike
2-1: Ball
3-1: SINGLE (Line Drive, 89S)
Phil Matthews to second
Runner from 2nd tries for 3rd, SAFE, throw made to third
Batting: LHB Bob Cunningham 0-0: Called Strike
0-1: DOUBLE (Line Drive, 8RXD)
Phil Matthews scores
Mark Wells to third
Batting: LHB Ray Bryant 0-0: Swinging Strike
0-1: Ball
1-1: Called Strike
1-2: Strikes out swinging
Batting: RHB George Howard 0-0: Swinging Strike
0-1: Fly out, F9 (Line Drive, 9)
Top of the 4th over - 1 run(s), 3 hit(s), 0 error(s), 2 left on base; Vista 2 - Seattle 0
BOTTOM OF THE 4TH
Seattle Pikes batting - Pitching for Vista Panthers : RHP Paco Canpos
Batting: LHB Richard Hunter 0-0: Ball
1-0: SINGLE (Groundball, 25) (infield hit)
Batting: RHB António Ortega 0-0: SINGLE (Flyball, 89S)
Richard Hunter to second
Batting: LHB Roberto Lozano 0-0: Ball
1-0: Fielders Choice at 2nd, 6-4 (Groundball, 6)
Richard Hunter to third
Batting: RHB Randy Sheppard 0-0: Called Strike
0-1: Ball
Passed Ball!
Richard Hunter scores
Roberto Lozano to second
1-1: Foul Ball, location: 2F
1-2: Ball
2-2: Foul Ball, location: 2F
2-2: DOUBLE (Line Drive, 78D)
Roberto Lozano scores
Batting: LHB Keith Tillman 0-0: Called Strike
0-1: Foul Ball, location: 2F
0-2: Fly out, F8 (Flyball, 8RS)
Batting: RHB Robert Johnson 0-0: Ball
1-0: Ball
2-0: Foul Ball, location: 2F
2-1: Swinging Strike
2-2: Ground out 3-1 (Groundball, 34)
Bottom of the 4th over - 2 run(s), 3 hit(s), 0 error(s), 1 left on base; Vista 2 - Seattle 2
TOP OF THE 5TH
Vista Panthers batting - Pitching for Seattle Pikes : RHP António Rijo
Batting: RHB Cisco Gatán 0-0: Called Strike
0-1: Ball
1-1: Ground out 4-3 (Groundball, 4)
Batting: LHB Francisco Marino 0-0: Ball
1-0: Swinging Strike
1-1: Ball
2-1: SINGLE (Groundball, 56D)
Batting: LHB Brent Alonzo 0-0: Ball
Francisco Marino is caught stealing 2nd base
1-0: Ball
2-0: Ground out 4-3 (Groundball, 4)
Top of the 5th over - 0 run(s), 1 hit(s), 0 error(s), 0 left on base; Vista 2 - Seattle 2
BOTTOM OF THE 5TH
Seattle Pikes batting - Pitching for Vista Panthers : RHP Paco Canpos
Batting: SHB António Hernández 0-0: Ball
1-0: Swinging Strike
1-1: SINGLE (Line Drive, 4MD)
Batting: LHB Eduardo Gómez 0-0: Swinging Strike
0-1: Ball
1-1: Swinging Strike
1-2: Ball
2-2: Strikes out swinging
Batting: RHB Iván Gonzáles 0-0: Ball
1-0: Ball
2-0: Ball
3-0: Called Strike
3-1: Grounds into double play, 6-4-3 (Groundball, 6)
Bottom of the 5th over - 0 run(s), 1 hit(s), 0 error(s), 0 left on base; Vista 2 - Seattle 2
TOP OF THE 6TH
Vista Panthers batting - Pitching for Seattle Pikes : RHP António Rijo
Batting: RHB Phil Matthews 0-0: Ball
1-0: Foul Ball, location: 2F
1-1: Called Strike
1-2: Foul Ball, location: 2F
1-2: DOUBLE (Line Drive, 8RXD)
Batting: LHB Patrick Osborne 0-0: Ball
1-0: Hit by Pitch
Batting: SHB Mark Wells 0-0: Foul Ball, location: 2F
0-1: Ball
1-1: Ball
2-1: Called Strike
2-2: Foul Ball, location: 2F
2-2: Ball
3-2: Foul Ball, location: 2F
3-2: Fielders Choice at 2nd, 4-6 (Groundball, 4)
Phil Matthews to third
Now at SS: Roberto Zamora
Batting: LHB Bob Cunningham 0-0: Called Strike
0-1: Called Strike
0-2: Strikes out looking
Batting: LHB Ray Bryant 0-0: Fly out, F9 (Flyball, 9LM)
Top of the 6th over - 0 run(s), 1 hit(s), 0 error(s), 2 left on base; Vista 2 - Seattle 2
BOTTOM OF THE 6TH
Seattle Pikes batting - Pitching for Vista Panthers : RHP Paco Canpos
Batting: LHB Richard Hunter 0-0: Ball
1-0: Ball
2-0: Ball
3-0: Base on Balls
Batting: RHB António Ortega 0-0: Called Strike
0-1: Ball
1-1: Ball
2-1: Ball
3-1: Base on Balls
Richard Hunter to second
Batting: LHB Roberto Lozano 0-0: Called Strike
0-1: Swinging Strike
0-2: Ball
1-2: Strikes out looking
Batting: RHB Randy Sheppard 0-0: Swinging Strike
0-1: Foul Ball, location: 2F
0-2: Strikes out looking
Batting: RHB Roberto Zamora 0-0: SINGLE (Line Drive, 7S)
Richard Hunter to third
António Ortega to second
Runner from 3rd tries for Home, SAFE, throw made home
António Ortega to third
Roberto Zamora to second
Batting: RHB Robert Johnson 0-0: Called Strike
0-1: Ball
1-1: Called Strike
1-2: Foul Ball, location: 2F
1-2: Ground out 6-3 (Groundball, 6)
Bottom of the 6th over - 1 run(s), 1 hit(s), 0 error(s), 2 left on base; Vista 2 - Seattle 3
TOP OF THE 7TH
Vista Panthers batting - Pitching for Seattle Pikes : RHP António Rijo
Batting: RHB George Howard 0-0: Fly out, F8 (Flyball, 8LD)
Batting: RHB Cisco Gatán 0-0: Swinging Strike
0-1: Ball
1-1: Ball
2-1: Swinging Strike
2-2: Ball
3-2: Foul Ball, location: 2F
3-2: Strikes out swinging
Batting: LHB Francisco Marino 0-0: Called Strike
0-1: Foul Ball, location: 2F
0-2: Ball
1-2: SINGLE (Groundball, 3S) (infield hit)
Batting: LHB Brent Alonzo 0-0: Called Strike
0-1: Swinging Strike
0-2: Foul Ball, location: 2F
0-2: Ball
Francisco Marino steals 2nd base
1-2: Ball
2-2: Strikes out swinging
Top of the 7th over - 0 run(s), 1 hit(s), 0 error(s), 1 left on base; Vista 2 - Seattle 3
BOTTOM OF THE 7TH
Seattle Pikes batting - Pitching for Vista Panthers : RHP Paco Canpos
Pitching: RHP António López
Batting: SHB António Hernández 0-0: Called Strike
0-1: Called Strike
0-2: Ball
1-2: Ball
2-2: Foul Ball, location: 2F
2-2: Ground out 1-3 (Groundball, 15S)
Pitching: LHP Mario Tobías
Batting: LHB Eduardo Gómez 0-0: Ball
1-0: Swinging Strike
1-1: Ball
2-1: Fly out, F9 (Flyball, 9)
Batting: RHB Iván Gonzáles 0-0: DOUBLE (Line Drive, 9LS)
Pitching: RHP José Betancourt
Batting: LHB Richard Hunter 0-0: Foul Ball, location: 2F
0-1: Fly out, F8 (Flyball, 8LD)
Bottom of the 7th over - 0 run(s), 1 hit(s), 0 error(s), 1 left on base; Vista 2 - Seattle 3
TOP OF THE 8TH
Vista Panthers batting - Pitching for Seattle Pikes : RHP António Rijo
Pitching: RHP Orlando Ojeda
Now at 2B: Bill Mark
Now at 3B: Don Soper
Now in RF: Jesús Núńez
Batting: RHB Phil Matthews 0-0: Foul Ball, location: 2F
0-1: Ball
1-1: Foul Ball, location: 2F
1-2: Strikes out swinging
Batting: LHB Patrick Osborne 0-0: SINGLE (Line Drive, 34D)
Batting: SHB Mark Wells 0-0: Foul Ball, location: 2F
0-1: Ball
1-1: Ball
2-1: Swinging Strike
2-2: Strikes out swinging
Batting: LHB Bob Cunningham 0-0: Called Strike
0-1: Foul Ball, location: 2F
0-2: Ball
1-2: Strikes out swinging
Top of the 8th over - 0 run(s), 1 hit(s), 0 error(s), 1 left on base; Vista 2 - Seattle 3
BOTTOM OF THE 8TH
Seattle Pikes batting - Pitching for Vista Panthers : RHP José Betancourt
Batting: RHB António Ortega 0-0: Ball
1-0: Ball
2-0: Swinging Strike
2-1: Foul Ball, location: 2F
2-2: Ball
3-2: Base on Balls
Pitching: LHP Thomas Heath
Pinch Hitting: RHB Manuel Rico 0-0: Called Strike
0-1: Ball
1-1: Ball
2-1: DOUBLE (Line Drive, 78D)
António Ortega to third
Batting: RHB Randy Sheppard 0-0: Intentional Walk
Pitching: RHP Riley Johnston
Pinch Hitting: RHB Eugene Gill 0-0: Foul Ball, location: 2F
0-1: Foul Ball, location: 2F
0-2: Strikes out looking
Batting: RHB Robert Johnson 0-0: Ball
1-0: Grounds into fielders choice 6-2 (Groundball, 6)
Manuel Rico to third
Randy Sheppard to second
Pitching: RHP Doug Singleton
Batting: RHB Bill Mark 0-0: Called Strike
0-1: Ball
1-1: Foul Ball, location: 2F
1-2: Strikes out swinging
Bottom of the 8th over - 0 run(s), 1 hit(s), 0 error(s), 3 left on base; Vista 2 - Seattle 3
TOP OF THE 9TH
Vista Panthers batting - Pitching for Seattle Pikes : RHP Orlando Ojeda
Pitching: LHP Cristián Escobar
Now at C: Tae-kwon Kwon
Now at SS: Eugene Gill
Now in RF: Manuel Rico
Pinch Hitting: RHB Griswold Coleman 0-0: Ball
1-0: Ball
2-0: Ground out 6-3 (Groundball, 6)
Pinch Hitting: RHB John Mendelson 0-0: Called Strike
0-1: Ball
1-1: Ball
2-1: Ball
3-1: Base on Balls
Batting: RHB Cisco Gatán 0-0: Swinging Strike
0-1: Foul Ball, location: 2F
0-2: Ball
1-2: Ball
2-2: Ground out 5-3 (Groundball, 56)
John Mendelson to second
Pinch Hitting: RHB Luis Martínez 0-0: Ball
1-0: Called Strike
1-1: Foul Ball, location: 2F
1-2: Fly out, F8 (Line Drive, 8LM)
Top of the 9th over - 0 run(s), 0 hit(s), 0 error(s), 1 left on base; Vista 2 - Seattle 3
Thursday, March 30th, 2017 - OOTP Baseball 17.12 Build 75